 Dungeon Crawl Stone Soup version 0.31.0-11-ge490571c62 (webtiles) character file.

Game seed: 1827860027821850264

11 browni3141 the Conjurer (level 2, 0/19 HPs)
             Began as a Demonspawn Conjurer on Jan 30, 2024.
             Succumbed to a kobold's poison
             ... on level 1 of the Dungeon.
             The game lasted 00:00:30 (316 turns).

browni3141 the Conjurer (Demonspawn Conjurer)        Turns: 316, Time: 00:00:31

Health: 0/19       AC:  2    Str:  7    XL:     2   Next: 17%
Magic:  1/5        EV: 12    Int: 18    God:
Gold:   26         SH:  0    Dex: 11    Spells: 4/5 levels left

rFire   . . .        (no weapon)
rCold   . . .        (no shield)
rNeg    . . .        a - +0 robe
rPois   .            (no helmet)
rElec   .            (no cloak)
rCorr   .            (no gloves)
SInv    .            (no boots)
Will    .....        (no amulet)
Stlth   ++           (no ring)
HPRegen 0.23/turn    (no ring)
MPRegen 0.09/turn

%: no passive effects
@: lethally poisoned (0 -> -3)
A: demonic touch 1
a: no special abilities


You were on level 1 of the Dungeon.
You visited 1 branch of the dungeon, and saw 1 of its levels.

You collected 26 gold pieces.

Inventory:

Armour
 a - a +0 robe (worn)
Jewellery
 d - an amulet of reflection
Scrolls
 c - 2 scrolls of vulnerability {unknown}
 e - a scroll of immolation {unknown}
Potions
 b - a potion of magic
 f - a potion of degeneration {unknown}


   Skills:
 + Level 2.0 Dodging
 + Level 2.0 Stealth
 + Level 2.2 Spellcasting
 + Level 4.1 Conjurations


You had 4 spell levels left.
You knew the following spells:

 Your Spells              Type           Power      Damage    Failure   Level
a - Magic Dart            Conj           64%        1d6       3%          1

Your spell library contained the following spells:

 Spells                   Type           Power      Damage    Failure   Level
 Searing Ray              Conj           32%        2d5       4%          2
 Fulminant Prism          Conj/Alch      4%         3d5       58%         4
 Iskenderun's Mystic Bla  Conj/Tloc      9%         2d4       58%         4


Dungeon Overview and Level Annotations

Branches:
Dungeon (1/15)

Altars:


Innate Abilities, Weirdness & Mutations

Your touch may inflict minor irresistible damage on your foes.


Message History

The magic dart hits the giant cockroach.
The giant cockroach is almost dead.
The magic dart hits the giant cockroach.
You kill the giant cockroach!
You can't see any susceptible monsters within range! (Use Z to cast anyway.)
A bat comes into view.
A bat is nearby!
A bat is nearby!
The magic dart hits the bat.
You kill the bat!
You can't see any susceptible monsters within range! (Use Z to cast anyway.)
You can't see any susceptible monsters within range! (Use Z to cast anyway.)
You now have 26 gold pieces (gained 9).
A giant cockroach comes into view.
A giant cockroach is nearby!
A giant cockroach is nearby!
You miscast Magic Dart.
You are very lightly contaminated with residual magic.
Nothing appears to happen.
The magic dart hits the giant cockroach.
You kill the giant cockroach!
You can't see any susceptible monsters within range! (Use Z to cast anyway.)
Your magical contamination has completely faded away.
f - a purple potion You open the door.
There is an open door here.
Found a stone staircase leading down.
You open the door.
There is an open door here.
A ball python comes into view.
The magic dart hits the ball python.
You kill the ball python!
You can't see any susceptible monsters within range! (Use Z to cast anyway.)
A hobgoblin, a goblin, a ball python and a kobold come into view.
The kobold is wielding a +1 dagger of venom.
The hobgoblin shouts!
The goblin shouts!
A hobgoblin comes into view.
The hobgoblin shouts!
There are monsters nearby!
The magic dart hits the ball python.
The ball python is severely wounded.
The ball python bites you. The ball python grabs you.
The ball python constricts you.
You escape the ball python's grasp.
The magic dart hits the ball python.
You kill the ball python!
There is an open door here.
The magic dart hits the goblin.
You kill the goblin!
Your Stealth skill increases to level 2!
You miscast Magic Dart.
You are very lightly contaminated with residual magic.
Nothing appears to happen.
The kobold throws a stone.
The stone barely misses you.
The magic dart hits the hobgoblin.
The hobgoblin is severely wounded.
The kobold throws a stone.
The stone hits you.
Your magical contamination has completely faded away.
The magic dart hits the hobgoblin.
The hobgoblin is almost dead.
The hobgoblin attacks as it pursues you!
The hobgoblin hits you.
The magic dart hits the hobgoblin.
You kill the hobgoblin!
Your Dodging skill increases to level 2!
You have reached level 2!
You feel monstrous as your demonic heritage exerts itself.
Your demonic ancestry asserts itself...
Your hands begin to faintly glow with unholy energy.
The hobgoblin hits you but does no damage.
You hit the hobgoblin but do no damage. Your touch misses the hobgoblin.
The hobgoblin completely misses you.
You closely miss the hobgoblin. The hobgoblin completely misses you.
You hit the hobgoblin but do no damage. The hobgoblin hits you.
You barely miss the hobgoblin. The hobgoblin closely misses you.
You hit the hobgoblin but do no damage.
You touch the hobgoblin.
You kill the hobgoblin!
The kobold throws a stone.
The stone hits you. The kobold hits you but does no damage.
You are poisoned.
You hit the kobold. Your touch misses the kobold.
The kobold is moderately wounded.
You feel sick.
The kobold hits you with a +1 dagger of venom.
You are lethally poisoned!
You closely miss the kobold.
You touch the kobold.
You kill the kobold!
You feel very sick.
No target in view!
You feel sick.
Things that are here:
a +1 dagger of venom; 5 stones; a kobold corpse No target in view!
You feel sick.
No target in view!
You feel sick.
Things that are here:
a +1 dagger of venom; 5 stones; a kobold corpse You feel sick.
You die...

#....# #.....##
#....#####...#..## ...
##.......##...#...#####....
..........................#
..............#.#..######..
..............#.##.# #.#
...~....~.....#.##.#### #.#
#.............#.##....###.#######
#....~~.........@.)..............
.....~~....#.###########..#######
........†..#.# #######..#
...~....~....#### #........#
................# ##'''##..#
.............##...#.....#..######
....##.......# #.#..<..#.......#
...###.#.#...# #.#.....#...###.#
##.###.#.###.# #.#.....#....##.#


There were no monsters in sight!

Vanquished Creatures
  2 bats (D:1)
  2 giant cockroaches (D:1)
  A goblin (D:1)
  2 hobgoblins (D:1)
  A kobold (D:1)
  2 ball pythons (D:1)
10 creatures vanquished.

Notes
Turn   | Place    | Note
-------+----------+-------------------------------------------
     0 | D:1      | browni3141 the Demonspawn Conjurer began the quest for the
                  | Orb.
     0 | D:1      | Reached XP level 1. HP: 13/13 MP: 3/3
   303 | D:1      | Discovered your monstrous ancestry.
   303 | D:1      | Gained mutation: Your touch may inflict minor irresistible
                  | damage on your foes. [demonic ancestry]
   303 | D:1      | Reached XP level 2. HP: 14/19 MP: 0/5
   316 | D:1      | Succumbed to a kobold's poison

Illustrated notes

Levels and vault maps discovered:
D:1:      dpeg_arrival_windows_large_door, layout_basic, skrybe_limestone_x

Skill      XL: |  1 |
---------------+----+-----
Stealth        | 2 |  2.0
Dodging        | 2 |  2.0
Spellcasting   | |  2.2
Conjurations   | |  4.1

Action                     || total
---------------------------++-------
  Melee: Unarmed           ||     7
         Touch             ||     2
   Cast: Magic Dart        ||    12
 Armour: Robe              ||     8
  Dodge: Dodged            ||     4
